 Dungeon Crawl Stone Soup version 0.17.0-56-gd8de76c (webtiles) character file.

1005 dohliylev the Summoner (level 8, 0/41 HPs)
             Began as a Deep Elf Summoner on Dec 5, 2015.
             Slain by an ogre
             ... wielding a +0 giant club
              (20 damage)
             ... on level 6 of the Dungeon.
             The game lasted 00:38:34 (5247 turns).

dohliylev the Summoner (Deep Elf Summoner)          Turns: 5247, Time: 00:38:35

Health: 0/41       AC:  3    Str:  7    XL:     8   Next: 0%
Magic:  3/22       EV: 13    Int: 23    God:
Gold:   195        SH:  0    Dex: 15    Spells: 4 memorised, 14 levels left

rFire  . . .     SeeInvis .     G - staff of conjuration
rCold  . . .     Clarity  .     a - +0 robe
rNeg   . . .     SustAt   .     (no shield)
rPois  .         Gourm    .     u - +0 helmet
rElec  .         Spirit   .     (no cloak)
rCorr  .         Warding  .     (no gloves)
rMut   .         Stasis   .     (no boots)
MR     .....                    (no amulet)
Stlth  ++........               r - ring of flight
                                n - +2 ring of strength

@: not resistant to hostile enchantments, unstealthy
A: no striking features
a: Evoke Flight


You were on level 6 of the Dungeon.
You were not hungry.

You visited 2 branches of the dungeon, and saw 8 of its levels.

You collected 195 gold pieces.

Inventory:

Missiles
 y - a throwing net (quivered)
Armour
 a - a +0 robe (worn)
 f - a +0 buckler
 u - a +0 helmet (worn)
Magical Staves
 G - an uncursed staff of conjuration (weapon)
Jewellery
 n - a +2 ring of strength (left hand)
 r - a ring of flight (right hand)
Wands
 x - a wand of random effects (15)
 F - a wand of frost (20)
 H - a wand of slowing (36)
 J - a wand of fire (10)
Scrolls
 e - 7 scrolls of identify {unknown}
 i - 2 scrolls of amnesia {unknown}
 j - 2 scrolls of enchant weapon {unknown}
 m - a scroll of fear {unknown}
 o - 3 scrolls of blinking {unknown}
 s - 3 scrolls of random uselessness {unknown}
 w - 2 scrolls of enchant armour {unknown}
Potions
 d - 6 potions of might
 g - a potion of agility {unknown}
 h - a potion of flight {unknown}
 l - a potion of cure mutation {unknown}
 p - a potion of heal wounds {unknown}
 t - 4 potions of curing {unknown}
 v - 3 potions of berserk rage {unknown}
 z - 3 potions of brilliance {unknown}
 A - a potion of cancellation {unknown}
 D - a potion of magic {unknown}
 E - 2 potions of ambrosia {unknown}
 I - 2 potions of lignification {unknown}
Books
 b - a book of Callings

   Spells                             Type                      Level
   a - Summon Small Mammal            Summoning                    1
   b - Call Imp                       Summoning                    2
   c - Call Canine Familiar           Summoning                    3
   d - Summon Guardian Golem          Hexes/Summoning              3
   e - Summon Lightning Spire         Summoning/Air                4
   f - Summon Ice Beast               Ice/Summoning                4
Comestibles
 c - 3 bread rations
 k - 2 meat rations
 q - 3 fruits
 B - a slice of pizza
 C - 7 chunks of flesh


   Skills:
 + Level 3.4 Dodging
 + Level 3.1 Stealth
 + Level 8.0 Spellcasting
 + Level 1.0 Hexes
 * Level 8.6 Summonings


You had 14 spell levels left.
You knew the following spells:

 Your Spells              Type           Power        Failure   Level  Hunger
a - Summon Small Mammal   Summ           ####         1%          1    None
b - Call Canine Familiar  Summ           #####...     1%          3    None
c - Call Imp              Summ           #####...     1%          2    None
d - Summon Guardian Gole  Hex/Summ       ####....     3%          3    None


Dungeon Overview and Level Annotations

Branches:
Dungeon (7/15)             Temple (1/1) D:6

Altars:
Elyvilon
Fedhas
Kikubaaqudgha
Makhleb
Nemelex Xobeh
Okawaru
Qazlal
Ru
Sif Muna
Trog
Xom
Yredelemnul
Zin
The Shining One

Shops:
D:4 *


Message History

Your wolf barely misses the wight.
Your quokka barely misses the ogre.
Your crimson imp barely misses the ogre.
Your quokka closely misses the wight.
Your wolf bites the wight.
Something hits your crimson imp. Something shocks your crimson imp.
Your crimson imp closely misses the wight.
Your quokka bites the ogre.
The wight barely misses your quokka.
There is a stone staircase leading up here.
Your wolf bites the wight!
The wight is destroyed!
You have reached level 8!
You feel clever. Something hits your crimson imp.
Something shocks your crimson imp.
Your crimson imp dies!
Your quokka closely misses the ogre.
You climb upwards.
Your summoned ally is left behind.
There is a stone staircase leading down here.
The ogre hits you with a giant club!!
Ouch! That really hurt!
The ogre hits you with a giant club!!
You die...

....#...))....##........#####..##
.#..###.).....#...........##...<.
......#.#.....#.#....#...........
#(..#...##....#.....##..#.#......
###................###...........
......###...............#.#......
..h................####..........
###....................##......#.
#.h..##.#.###...@.......#...#####
..#####.......##.O..........# #
...#####.....##..#.###......#####
....##...#.#..#.##...#..#....##..
..^..).###......####......(.....#
.[...####....##### ##.###.###.#..
..).........##...###.......##....
..[..###...##.._..##.....>.....#.
....## #####.......#..#######....


You could see an ogre.

Vanquished Creatures
  A rat (D:2)
1 creature vanquished.

Vanquished Creatures (collateral kills)
  The ghost of Denapoli the Carver, an amateur MiCK of Xom (D:5)
  Grinder (D:6)
  The ghost of gorblad the Sneak, an amateur TrAs (D:3)
  2 eyes of draining (D:6)
  2 ogres (D:6)
  A giant frog (D:6)
  The ghost of crawlian the Magician, an amateur DEEE (D:4)
  Blork the orc (D:6)
  4 wights (D:7)
  2 crimson imps
  A hound (D:5)
  2 jellies
  4 orc wizards
  A centaur skeleton (D:5)
  Natasha (thrice) (D:3)
  2 worker ants
  7 gnolls
  Robin (D:3)
  11 adders
  An ooze (D:1)
  An adder skeleton (D:4)
  4 giant geckos
  13 orcs
  2 giant cockroaches
  11 hobgoblins
  8 jackals
  8 kobolds
  5 quokkas
  7 bats
  8 giant newts
  14 goblins
  9 rats
  A plant (D:4)
140 creatures vanquished.

Vanquished Creatures (others)
  A centaur (D:5)
1 creature vanquished.

Grand Total: 142 creatures vanquished

Notes
Turn   | Place    | Note
--------------------------------------------------------------
     0 | D:1      | dohliylev the Deep Elf Summoner began the quest for the Orb.
     0 | D:1      | Reached XP level 1. HP: 10/10 MP: 6/6
   648 | D:1      | Reached XP level 2. HP: 7/15 MP: 2/8
  1219 | D:1      | Reached skill level 5 in Summonings
  1219 | D:1      | Reached XP level 3. HP: 5/19 MP: 1/10
  1466 | D:1      | Learned a level 3 spell: Call Canine Familiar
  1469 | D:1      | Learned a level 2 spell: Call Imp
  2140 | D:3      | Noticed Robin
  2150 | D:3      | Killed Robin
  2155 | D:3      | Reached XP level 4. HP: 24/24 MP: 1/12
  2492 | D:3      | Noticed Natasha
  2500 | D:3      | Killed Natasha
  2502 | D:3      | Noticed gorblad's ghost (amateur TrAs)
  2508 | D:3      | Killed gorblad's ghost
  2508 | D:3      | Reached skill level 5 in Spellcasting
  2508 | D:3      | Reached XP level 5. HP: 28/28 MP: 2/14
  2531 | D:3      | Noticed Natasha
  2534 | D:3      | Killed Natasha
  2578 | D:3      | Noticed Natasha
  2581 | D:3      | Killed Natasha
  2679 | D:4      | Learned a level 3 spell: Summon Guardian Golem
  2748 | D:4      | Found Reghuit's General Store.
  2759 | D:4      | Found a glowing silver altar of Zin.
  2904 | D:4      | Found a shimmering altar of Xom.
  2916 | D:4      | Found a shimmering altar of Xom.
  2923 | D:4      | Found a shimmering altar of Xom.
  2924 | D:4      | Found a shimmering altar of Xom.
  2924 | D:4      | Found a shimmering altar of Xom.
  2955 | D:4      | Found an ancient bone altar of Kikubaaqudgha.
  2957 | D:4      | Noticed crawlian's ghost (amateur DEEE)
  2962 | D:4      | Killed crawlian's ghost
  3141 | D:4      | Found an iron altar of Okawaru.
  3143 | D:4      | Found a stormy altar of Qazlal.
  3288 | D:4      | Reached skill level 6 in Summonings
  3360 | D:5      | Entered Level 5 of the Dungeon
  3423 | D:5      | Noticed a centaur
  3445 | D:5      | Killed a centaur
  3445 | D:5      | Reached XP level 6. HP: 32/32 MP: 7/16
  3448 | D:5      | Noticed Denapoli's ghost (amateur MiCK)
  3794 | D:5      | Found a white marble altar of Elyvilon.
  3924 | D:5      | Killed Denapoli's ghost
  4181 | D:6      | Found a staircase to the Ecumenical Temple.
  4181 | D:6      | Noticed Blork the orc
  4192 | D:6      | Killed Blork the orc
  4192 | D:6      | Reached skill level 7 in Summonings
  4209 | Temple   | Entered the Ecumenical Temple
  4365 | D:6      | Noticed Grinder
  4365 | D:6      | Reached XP level 7. HP: 36/36 MP: 10/19
  4395 | D:6      | Killed Grinder
  4527 | D:6      | Reached skill level 1 in Hexes
  4704 | D:6      | Found a bloodstained altar of Trog.
  4739 | D:6      | Reached skill level 8 in Summonings
  5117 | D:6      | Found a burning altar of Makhleb.
  5237 | D:7      | Reached XP level 8. HP: 41/41 MP: 1/22
  5247 | D:6      | Slain by an ogre

Action                   |  1- 3 |  4- 6 |  7- 9 || total
-------------------------+-------+-------+-------++-------
Melee: Unarmed           |     3 |     2 |       ||     5
 Cast: Summon Small Mamm |    77 |     9 |    16 ||   102
       Call Imp          |    14 |    33 |    14 ||    61
       Call Canine Famil |     7 |    23 |     7 ||    37
       Summon Guardian G |       |     4 |     5 ||     9
  Eat: Chunk             |     4 |     8 |     2 ||    14
